[Event "Titled Tuesday Blitz January 10 Late 2023"]
[White "Osmak, Yuliia"]
[Black "Aspire_ie"]
[WhiteFideId "14101602"]
[WhiteElo "2440"]
[BlackElo "2352"]
[Result "1-0"]
[Round "02"]
[TimeControl "180+2"]
[Date "2023.01.10"]
[WhiteClock "0:01:20"]
[BlackClock "0:00:16"]

1. Nf3 d6 2. g3 e5 3. Bg2 f5 4. O-O Nf6 5. d4 e4 6. Nh4 d5 7. Bh3 g6 8. c4 c6 9. cxd5 cxd5 10. Nc3 Be6 11. Qb3 Qb6 12. Qxb6 axb6 13. Ng2 Nc6 14. Bg5 Be7 15. e3 h6 16. Bxf6 Bxf6 17. Nf4 Kf7 18. Nfxd5 Bd8 19. Nf4 Nb4 20. Nxe6 Kxe6 21. Nxe4 Rxa2 22. Rxa2 Nxa2 23. Ra1 Nb4 24. Nc3 Na6 25. Bg2 Bc7 26. Bxb7 Nb4 27. Ra4 Nd3 28. b3 h5 29. h4 g5 30. hxg5 h4 31. gxh4 Nb2 32. Ra2 Nd3 33. Nd5 Bd6 34. Rd2 Nc1 35. Nxb6 Rxh4 36. Bd5+ Ke7 37. f4 Bb4 38. Rc2 Nd3 39. Bc4 Ne1 40. Re2 Nf3+ 41. Kf2 Nd2 42. Nd5+ Kd6 43. Nxb4 Ne4+ 44. Kg1 Rh3 45. Bd3 Rg3+ 46. Kf1 Nc3 47. Re1 Ke6 48. d5+ Kf7 49. Bxf5 1-0


[Site "https://www.chess.com"]

[Event "Titled Tuesday Blitz January 10 Late 2023"]
[White "Aldokhin, Ivan"]
[Black "Roman, Rodrigo"]
[WhiteFideId "24115720"]
[BlackFideId "3701220"]
[WhiteElo "2413"]
[BlackElo "2058"]
[Result "0-1"]
[Round "02"]
[TimeControl "180+2"]
[Date "2023.01.10"]
[WhiteClock "0:00:19"]
[BlackClock "0:00:09"]

1. e4 c5 2. Nf3 Nc6 3. d4 cxd4 4. Nxd4 e5 5. Nb5 d6 6. c4 Be7 7. N1c3 a6 8. Na3 f5 9. exf5 Bxf5 10. Bd3 Be6 11. Nc2 Nf6 12. Bg5 O-O 13. O-O Qd7 14. Bxf6 gxf6 15. Nd5 Rae8 16. f4 f5 17. Qh5 Bd8 18. Rad1 Qf7 19. Qxf7+ Rxf7 20. g3 h5 21. Kf2 h4 22. Be2 Rh7 23. Nde3 hxg3+ 24. hxg3 Rh2+ 25. Ng2 Bb6+ 26. Ne3 Bxe3+ 27. Kxe3 Rxg2 28. Rxd6 Rxe2+ 29. Kxe2 Bxc4+ 30. Kf2 Bxf1 31. Kxf1 exf4 32. gxf4 Re4 33. Rd7 Rxf4+ 34. Ke2 Re4+ 35. Kf2 Re7 36. Rd5 Rf7 37. Kf3 Kg7 38. Kf4 Ne7 39. Rd6 Ng6+ 40. Kg5 Nf8 41. Kf4 Rf6 42. Rd5 Ng6+ 43. Kg5 f4 44. Rd7+ Rf7 45. Rd6 Nf8 46. Rd2 f3 47. Rf2 Ne6+ 48. Kg4 Nd4 49. Kg3 Kg6 50. Rd2 f2 51. Rxf2 Rxf2 52. Kxf2 Kf5 53. Ke3 Ke5 54. Kd3 b5 55. Kc3 Nc6 56. a3 Kd5 57. b3 a5 58. Kd3 Nd4 59. Kc3 Ne6 60. Kd3 b4 61. axb4 axb4 62. Kd2 Kd4 63. Kc2 Nc5 64. Kb2 Kd3 65. Ka2 Kc2 66. Ka1 Nxb3+ 67. Ka2 Nc5 68. Ka1 Kb3 69. Kb1 Ka3 70. Ka1 b3 71. Kb1 b2 72. Kc2 Ka2 73. Kc3 b1=Q 74. Kc4 Nb3 75. Kc3 Qc1+ 76. Kb4 Qc5+ 77. Ka4 Qa5# 0-1


[Site "https://www.chess.com"]

[Event "Titled Tuesday Blitz January 10 Late 2023"]
[White "Mladek, Richard"]
[Black "Abdyzhaparov, Aidar"]
[WhiteFideId "386588"]
[BlackFideId "13800361"]
[WhiteElo "2436"]
[BlackElo "1978"]
[Result "1-0"]
[Round "02"]
[TimeControl "180+2"]
[Date "2023.01.10"]
[WhiteClock "0:00:16"]
[BlackClock "0:00:09"]

1. d4 d6 2. e4 Nf6 3. Nc3 e5 4. Nf3 Nbd7 5. Rg1 g6 6. g4 Bg7 7. g5 Nh5 8. Be3 O-O 9. Qd2 c6 10. O-O-O b5 11. dxe5 dxe5 12. Qd6 b4 13. Na4 Qa5 14. b3 Nb6 15. Qc7 Be6 16. Kb1 Nf4 17. Bxb6 axb6 18. Qxb6 Rfb8 19. Qxa5 Rxa5 20. Nd2 Rd8 21. Bc4 Bf8 22. h4 Raa8 23. Bxe6 Nxe6 24. Nc4 Nd4 25. Nxe5 Bg7 26. f4 Bxe5 27. fxe5 Nf3 28. Rh1 Nxe5 29. Kc1 Ng4 30. Rxd8+ Rxd8 31. Rd1 Re8 32. Rd4 Ne5 33. Rxb4 c5 34. Nxc5 Rc8 35. Rb5 f6 36. gxf6 h6 37. Kd2 g5 38. hxg5 Nf3+ 39. Ke3 Nxg5 40. a4 h5 41. Nd3 Ne6 42. Re5 Kf7 43. Rxh5 Rxc2 44. e5 Rc3 45. Rh7+ Kg6 46. Rd7 Nc5 47. Rd5 Nxb3 48. a5 Kf7 49. a6 Nc1 50. Kd2 Rc7 51. Nxc1 1-0


[Site "https://www.chess.com"]

[Event "Titled Tuesday Blitz January 10 Late 2023"]
[White "Alexikov, Alexander"]
[Black "Sebag, Marie"]
[WhiteFideId "14103958"]
[BlackFideId "617822"]
[WhiteElo "2209"]
[BlackElo "2430"]
[Result "0-1"]
[Round "02"]
[TimeControl "180+2"]
[Date "2023.01.10"]
[WhiteClock "0:00:08"]
[BlackClock "0:01:27"]

1. e4 c5 2. Nf3 Nc6 3. Bb5 g6 4. O-O Bg7 5. Re1 e5 6. c3 Nge7 7. d3 O-O 8. Bg5 h6 9. Bh4 d6 10. Nbd2 g5 11. Bg3 f5 12. exf5 Nxf5 13. Bc4+ d5 14. Bb3 Nxg3 15. hxg3 Kh8 16. Ba4 Qd6 17. Qe2 Bg4 18. Bxc6 bxc6 19. Qe3 Rae8 20. Nh2 Bd7 21. f3 e4 22. fxe4 d4 23. Nc4 Qc7 24. Qd2 Qxg3 25. Rf1 Be6 26. Na5 Be5 27. Nf3 Bf4 28. Qe1 Be3+ 29. Kh1 Qg4 0-1


[Site "https://www.chess.com"]

[Event "Titled Tuesday Blitz January 10 Late 2023"]
[White "Vasques, Antonio Pedro Freixial"]
[Black "Aggelis, Nikolaos"]
[WhiteFideId "1908332"]
[BlackFideId "4213220"]
[WhiteElo "2214"]
[BlackElo "2270"]
[Result "0-1"]
[Round "02"]
[TimeControl "180+2"]
[Date "2023.01.10"]
[WhiteClock "0:00:18"]
[BlackClock "0:00:37"]

1. e4 c6 2. Nc3 d5 3. Nf3 dxe4 4. Nxe4 Bg4 5. h3 Bxf3 6. Qxf3 e6 7. c3 Nd7 8. d4 Ngf6 9. Bd3 Be7 10. O-O Nxe4 11. Bxe4 O-O 12. Bf4 Bf6 13. Rfd1 Qe7 14. Bg3 Rfe8 15. b4 e5 16. d5 cxd5 17. Bxd5 Nb6 18. Be4 g6 19. Rd3 Bg7 20. Rad1 f5 21. Bd5+ Kh8 22. Qe2 e4 23. R3d2 Bxc3 24. Rc2 Be5 25. Bxe5+ Qxe5 26. Bxb7 Rad8 27. Rcd2 Rxd2 28. Qxd2 e3 29. Qxe3 Qxe3 30. fxe3 Rxe3 31. Bd5 Nxd5 32. Rxd5 Ra3 33. Rd2 Kg7 34. Kf2 Kf6 35. Re2 g5 36. g3 h5 37. Kg2 f4 38. gxf4 gxf4 39. Rb2 Ke5 40. b5 Ke4 41. Rb4+ Ke3 42. Rb2 f3+ 43. Kg3 h4+ 44. Kh2 Rd3 45. a4 Rd2+ 46. Rxd2 Kxd2 47. a5 f2 48. b6 axb6 49. axb6 f1=Q 0-1


[Site "https://www.chess.com"]

[Event "Titled Tuesday Blitz January 10 Late 2023"]
[White "Koutlas, Nikolaos"]
[Black "Kovacs, Klara"]
[WhiteFideId "25827138"]
[BlackFideId "733210"]
[WhiteElo "2341"]
[BlackElo "2121"]
[Result "1-0"]
[Round "02"]
[TimeControl "180+2"]
[Date "2023.01.10"]
[WhiteClock "0:00:23"]
[BlackClock "0:01:42"]

1. Nf3 e6 2. c4 d5 3. b3 Nf6 4. Bb2 Be7 5. g3 O-O 6. Bg2 c5 7. e3 d4 8. exd4 cxd4 9. Nxd4 e5 10. Ne2 e4 11. Nbc3 Bf5 12. O-O Nc6 13. a3 a5 14. Re1 Bc5 15. h3 h5 16. Nf4 g6 17. Nxe4 Nxe4 18. Bxe4 Bxe4 19. Rxe4 Qg5 20. d4 Bd6 21. h4 Qf6 22. Nd5 Qf5 23. Qe2 Rad8 24. Re1 b5 25. Nf4 bxc4 26. bxc4 Bb8 27. d5 Na7 28. Nd3 Nc8 29. Ne5 Nd6 30. Rf4 Qc8 31. Nc6 Kh7 32. Ne7 Qd7 33. c5 Nf5 34. Rxf5 gxf5 35. Qxh5# 1-0


[Site "https://www.chess.com"]

[Event "Titled Tuesday Blitz January 10 Late 2023"]
[White "Lopez Idarraga, Daniel Eduardo"]
[Black "Karas, Marek"]
[WhiteFideId "4405501"]
[BlackFideId "14928558"]
[WhiteElo "2009"]
[BlackElo "2227"]
[Result "0-1"]
[Round "02"]
[TimeControl "180+2"]
[Date "2023.01.10"]
[WhiteClock "0:00:42"]
[BlackClock "0:00:11"]

1. b3 a5 2. Bb2 a4 3. e4 e6 4. Nf3 axb3 5. axb3 Rxa1 6. Bxa1 b6 7. d3 Bb7 8. g3 Nf6 9. Bg2 d5 10. exd5 Bxd5 11. O-O Be7 12. c4 Bb7 13. d4 O-O 14. Nc3 Nbd7 15. Re1 Qa8 16. d5 Nc5 17. b4 Na6 18. dxe6 fxe6 19. b5 Nc5 20. Nh4 Bxg2 21. Nxg2 Rd8 22. Qe2 Bd6 23. Bb2 e5 24. Ne3 Nce4 25. Nxe4 Qxe4 26. Qc2 Qxc2 27. Nxc2 Re8 28. Kg2 Nd7 29. Nd4 Ra8 30. Nc6 Re8 31. Re4 Nc5 32. Rg4 g6 33. h4 Kf7 34. h5 Nd7 35. hxg6+ hxg6 36. Rh4 Nf6 37. Bc1 Kg8 38. Bg5 Nd7 39. Re4 Nc5 40. Re1 e4 41. Be3 Nd3 42. Rh1 Nb2 43. Rc1 Nd3 44. Rc2 Ra8 45. Bd4 Ne1+ 0-1


[Site "https://www.chess.com"]

[Event "Titled Tuesday Blitz January 10 Late 2023"]
[White "Hoffmann, Asa"]
[Black "Lopez Mulet, Inigo"]
[WhiteFideId "2001470"]
[BlackFideId "22235620"]
[WhiteElo "2185"]
[BlackElo "2403"]
[Result "0-1"]
[Round "02"]
[TimeControl "180+2"]
[Date "2023.01.10"]
[WhiteClock "0:00:33"]
[BlackClock "0:02:00"]

1. d4 Nf6 2. Bg5 Ne4 3. Bf4 d5 4. f3 Nf6 5. e4 e6 6. e5 Nfd7 7. Be3 c5 8. c3 Nc6 9. f4 a5 10. Nf3 a4 11. a3 Na5 12. Nbd2 cxd4 13. cxd4 Nb6 14. Rc1 Be7 15. Bd3 Bd7 16. O-O f5 17. exf6 Bxf6 18. Ne5 Rc8 19. Qh5+ g6 20. Bxg6+ hxg6 21. Qxg6+ Ke7 22. Qf7+ Kd6 23. Ndf3 Qe7 24. Qg6 Nac4 25. Qd3 Kc7 26. b3 axb3 27. Qxb3 Kb8 28. Ng6 Qxa3 29. Qxa3 Nxa3 30. Nxh8 Rxh8 31. Ne5 Bb5 32. Rf2 Nac4 33. Bd2 Nxd2 34. Rxd2 Nc4 35. Ra2 Ba6 36. Rb1 Kc7 37. h3 Nxe5 38. fxe5 Bg5 39. Kh2 Bf4+ 40. Kh1 Be3 41. Rd1 Rf8 42. Ra3 Bg5 43. Rf3 Rxf3 44. gxf3 Be2 45. Rg1 Bxf3+ 46. Kh2 Bf4+ 47. Rg3 b5 48. h4 b4 49. h5 Bxh5 0-1


[Site "https://www.chess.com"]

[Event "Titled Tuesday Blitz January 10 Late 2023"]
[White "Fiorito, Francisco"]
[Black "Ankerst, Mihael"]
[WhiteFideId "180165"]
[BlackFideId "14602369"]
[WhiteElo "2305"]
[BlackElo "2370"]
[Result "1-0"]
[Round "02"]
[TimeControl "180+2"]
[Date "2023.01.10"]
[WhiteClock "0:00:08"]
[BlackClock "0:01:03"]

1. Nf3 Nf6 2. g3 g6 3. Bg2 Bg7 4. O-O O-O 5. c4 d6 6. d4 Nbd7 7. Nc3 e5 8. e4 c6 9. Qc2 exd4 10. Nxd4 Re8 11. Rd1 Qb6 12. h3 a5 13. Be3 Nc5 14. f4 Qb4 15. b3 Bf5 16. Nxf5 gxf5 17. Rab1 Nfxe4 18. Nxe4 Nxe4 19. Kh2 Re6 20. Re1 Rae8 21. g4 Qc3 22. Qd1 Qf6 23. g5 Qg6 24. Qf3 a4 25. h4 h5 26. Rbd1 a3 27. Bg1 Nc3 28. Rxe6 Qxe6 29. Rd2 Qe1 30. Rf2 Re2 31. Rxe2 Qxe2 32. Qxe2 Nxe2 33. Be3 Nc3 34. Bc1 Ne2 35. Bxa3 Nxf4 36. Bxd6 Nd3 37. Bf3 Nc1 38. Bxh5 Nxa2 39. g6 fxg6 40. Bxg6 Nc1 41. b4 Nd3 42. Kg2 Be5 43. Bxe5 Nxe5 44. Bxf5 Nxc4 45. Be6+ Kf8 46. Bxc4 Ke7 47. Kf3 Kd6 48. Ke4 b6 49. h5 c5 50. b5 Ke7 51. Kd5 Kd7 52. h6 Ke7 53. h7 Kf6 54. h8=Q+ Kg5 55. Bd3 Kf4 56. Qe5+ Kf3 57. Be2+ Kf2 58. Bh5 Kg1 59. Ke4 Kh1 60. Qb2 Kg1 61. Bf3 c4 62. Qg2# 1-0


[Site "https://www.chess.com"]

[Event "Titled Tuesday Blitz January 10 Late 2023"]
[White "Rodriguez Fontecha, Marcos"]
[Black "Rosenberg, Evan S"]
[WhiteFideId "2256576"]
[BlackFideId "2019299"]
[WhiteElo "2309"]
[BlackElo "1956"]
[Result "0-1"]
[Round "02"]
[TimeControl "180+2"]
[Date "2023.01.10"]
[WhiteClock "0:00:10"]
[BlackClock "0:00:19"]

1. e4 e5 2. Nf3 Nc6 3. Bc4 Nf6 4. Qe2 Bd6 5. c3 O-O 6. O-O Ne7 7. Rd1 Ng6 8. d3 c6 9. Bb3 Bc7 10. Nbd2 d5 11. Nf1 a5 12. a4 Be6 13. Bc2 Re8 14. Ng3 Nf4 15. Bxf4 exf4 16. Nf1 Bg4 17. N1d2 Nd7 18. h3 Bh5 19. Re1 Ne5 20. Kh2 g5 21. Qf1 Nxf3+ 22. Nxf3 g4 23. Nd4 gxh3 24. gxh3 f3+ 25. Kh1 Kh8 26. Nf5 Rg8 27. d4 dxe4 28. Bxe4 Rg2 29. Qd3 Rh2+ 30. Kg1 Qg8+ 0-1


[Site "https://www.chess.com"]

[Event "Titled Tuesday Blitz January 10 Late 2023"]
[White "Lacasa Diaz, Jose Antonio"]
[Black "Taghizadeh, Rayan"]
[WhiteFideId "2203375"]
[BlackFideId "2054019"]
[WhiteElo "2359"]
[BlackElo "2273"]
[Result "0-1"]
[Round "02"]
[TimeControl "180+2"]
[Date "2023.01.10"]
[WhiteClock "0:00:13"]
[BlackClock "0:00:14"]

1. e4 c5 2. Nf3 e6 3. c3 Nf6 4. d3 Nc6 5. Nbd2 Qc7 6. g3 d5 7. Bg2 Be7 8. Qe2 d4 9. O-O dxc3 10. bxc3 O-O 11. Nc4 b5 12. Bf4 Qd8 13. Nce5 Nxe5 14. Nxe5 Bb7 15. Rab1 a6 16. Rfd1 Nd7 17. Nxd7 Qxd7 18. d4 cxd4 19. cxd4 Rfe8 20. h4 Rac8 21. h5 h6 22. Qg4 Kh8 23. d5 Bf8 24. e5 Rc7 25. d6 Rc4 26. Bxb7 Qxb7 27. Rbc1 Qd7 28. Rxc4 bxc4 29. Qe2 Rc8 30. Rc1 Qb5 31. Kh2 Qc6 32. Rc3 Qb5 33. Qf3 Qd5 34. Qe2 f6 35. exf6 gxf6 36. g4 Bxd6 37. Bg3 Bxg3+ 38. Rxg3 c3 39. Qe3 Kg7 40. Qc1 c2 41. Re3 Qd6+ 42. Kg1 Qf4 43. f3 Qxe3+ 44. Qxe3 c1=Q+ 45. Qxc1 Rxc1+ 46. Kg2 Rc2+ 47. Kg3 Rxa2 48. g5 Ra3 49. g6 Rb3 50. Kf4 a5 51. Ke4 a4 52. Kd4 a3 53. Kc4 Rb2 54. Kc5 e5 55. Kd6 e4 56. Ke7 a2 57. Ke8 a1=Q 58. fxe4 Qa7 59. Kd8 Rb8# 0-1


[Site "https://www.chess.com"]

[Event "Titled Tuesday Blitz January 10 Late 2023"]
[White "Abdulla, Murad"]
[Black "Itkis, Boris"]
[WhiteFideId "2403757"]
[BlackFideId "1209167"]
[WhiteElo "2307"]
[BlackElo "2329"]
[Result "1-0"]
[Round "02"]
[TimeControl "180+2"]
[Date "2023.01.10"]
[WhiteClock "0:01:25"]
[BlackClock "0:01:21"]

1. e4 e5 2. Nf3 Nc6 3. Bc4 Nf6 4. d3 h6 5. c3 d6 6. h3 g5 7. Be3 Bg7 8. Nbd2 g4 9. hxg4 Nxg4 10. Qe2 Na5 11. Bb5+ c6 12. Ba4 b5 13. Bc2 O-O 14. Nh4 d5 15. Nf5 Bxf5 16. exf5 Nxe3 17. Qxe3 d4 18. Qf3 dxc3 19. bxc3 Nb7 20. Ne4 f6 21. Qg3 Nd6 22. Bb3+ Kh8 23. Qg6 1-0


[Site "https://www.chess.com"]

[Event "Titled Tuesday Blitz January 10 Late 2023"]
[White "Ward, Ieuan C"]
[Black "Al-Tarboush, Ward"]
[WhiteFideId "406627"]
[BlackFideId "7601450"]
[WhiteElo "2028"]
[BlackElo "2256"]
[Result "0-1"]
[Round "02"]
[TimeControl "180+2"]
[Date "2023.01.10"]
[WhiteClock "0:00:04"]
[BlackClock "0:00:44"]

1. e4 c5 2. Nf3 Nc6 3. d4 cxd4 4. c3 dxc3 5. Nxc3 e6 6. Bc4 Bb4 7. O-O Nge7 8. Bg5 O-O 9. Rc1 f6 10. Be3 a6 11. a3 Ba5 12. b4 Bc7 13. Nd4 b5 14. Bb3 Nxd4 15. Bxd4 Bb7 16. f4 Rc8 17. f5 Kh8 18. fxe6 dxe6 19. Bxe6 Bb6 20. Bf2 Qxd1 21. Rfxd1 Bxf2+ 22. Kxf2 Rc7 23. Nd5 Nxd5 24. Bxd5 Re7 25. Bxb7 Rxb7 26. Rc6 Ra7 27. Rdd6 Rfa8 28. Ke3 h5 29. Kd4 Kh7 30. h4 a5 31. Kc5 axb4 32. axb4 Ra2 33. Kxb5 Rxg2 34. Rd7 Rg4 35. Rxf6 Rxe4 36. Rff7 Rg4 37. Kc5 Rc8+ 38. Kb5 Rb8+ 39. Kc5 Rc8+ 40. Kb5 Re8 41. Kc5 Re5+ 42. Kd6 Rb5 43. Rb7 Rg6+ 44. Kc7 Rxb7+ 45. Kxb7 Rg4 46. b5 Rxh4 47. b6 Kh6 48. Kc8 Rc4+ 49. Rc7 Rb4 50. b7 h4 51. b8=Q Rxb8+ 52. Kxb8 g5 53. Kb7 h3 54. Rc2 g4 55. Kc6 g3 56. Rc3 h2 57. Rxg3 h1=Q+ 58. Kc5 Qh5+ 0-1


[Site "https://www.chess.com"]

[Event "Titled Tuesday Blitz January 10 Late 2023"]
[White "Kleiman, Jake"]
[Black "Cueto, Jonny"]
[WhiteFideId "2020041"]
[BlackFideId "3300145"]
[WhiteElo "2399"]
[BlackElo "2122"]
[Result "1-0"]
[Round "02"]
[TimeControl "180+2"]
[Date "2023.01.10"]
[WhiteClock "0:00:27"]
[BlackClock "0:00:02"]

1. e4 d6 2. d4 Nf6 3. Nc3 e5 4. Nf3 Nbd7 5. Bc4 Be7 6. O-O O-O 7. Re1 c6 8. a4 b6 9. d5 Bb7 10. h3 Rc8 11. dxc6 Bxc6 12. b3 Nc5 13. Nd5 Ncxe4 14. Nxe7+ Qxe7 15. Ba3 Rfd8 16. Qc1 h6 17. Nh4 Qb7 18. Nf5 Nc5 19. Bf1 Be4 20. Ng3 Nxb3 21. Qe3 Nxa1 22. Rxa1 Bxc2 23. a5 bxa5 24. Bc1 Bg6 25. Rxa5 Nd5 26. Qa3 Qc7 27. Bd2 Nf4 28. Rxa7 Qc2 29. Be3 Rc3 30. Qa5 Rdc8 31. Qb4 d5 32. Bxf4 exf4 33. Qxf4 Qd1 34. Kh2 Rc1 35. Rd7 Qc2 36. Rxd5 Qc7 37. Rd6 1-0


[Site "https://www.chess.com"]

[Event "Titled Tuesday Blitz January 10 Late 2023"]
[White "Martynov, Pavel"]
[Black "Guimaraes, Wagner Peixoto"]
[WhiteFideId "4101260"]
[BlackFideId "2100940"]
[WhiteElo "2414"]
[BlackElo "2194"]
[Result "1-0"]
[Round "02"]
[TimeControl "180+2"]
[Date "2023.01.10"]
[WhiteClock "0:00:06"]
[BlackClock "0:00:11"]

1. e4 c5 2. Nf3 e6 3. Nc3 Nc6 4. g3 Nf6 5. Bg2 g6 6. d4 cxd4 7. Nxd4 Bg7 8. Nb3 O-O 9. O-O d6 10. Bf4 Ne5 11. Qe2 a6 12. Rfd1 Qc7 13. a4 Nh5 14. Bc1 Nc4 15. Bf1 Nxb2 16. Bxb2 Bxc3 17. Bxc3 Qxc3 18. Rxd6 e5 19. Qc4 Qb2 20. Rad1 Bg4 21. R1d2 Rac8 22. Qd3 Be6 23. Qe2 Qc3 24. R6d3 Qc4 25. Qe3 Qxa4 26. Nc5 Qc6 27. Nxe6 Qxe6 28. Rd7 Qc6 29. Be2 Nf6 30. R7d6 Qxe4 31. Rxf6 Qxe3 32. fxe3 Rc3 33. Kf2 Rfc8 34. Bd3 Kg7 35. Rb6 R8c7 36. Rd1 f5 37. e4 f4 38. gxf4 exf4 39. Rdb1 g5 40. h3 h5 41. Rxb7 g4 42. hxg4 hxg4 43. Rxc7+ Rxc7 44. Rg1 g3+ 45. Kf3 Rf7 46. Ra1 Kf6 47. Rxa6+ Ke5 48. Ra5+ Kd4 49. Rf5 Rxf5 50. exf5 Ke5 51. c4 Kd4 52. Bb1 Kxc4 53. f6 Kd5 54. f7 1-0


[Site "https://www.chess.com"]

[Event "Titled Tuesday Blitz January 10 Late 2023"]
[White "Vaglio Munoz, Jaime"]
[Black "Krallis, Christos"]
[WhiteFideId "6500145"]
[BlackFideId "4298896"]
[WhiteElo "2174"]
[BlackElo "2344"]
[Result "0-1"]
[Round "02"]
[TimeControl "180+2"]
[Date "2023.01.10"]
[WhiteClock "0:00:31"]
[BlackClock "0:01:04"]

1. d4 Nf6 2. c4 e6 3. a3 b6 4. g3 Bb7 5. Nf3 c5 6. dxc5 bxc5 7. Bg2 Be7 8. Qa4 O-O 9. O-O Nc6 10. Rd1 Qb6 11. Nc3 Rfd8 12. Rb1 d5 13. cxd5 exd5 14. Bf4 d4 15. Na2 Nd5 16. Bd2 Qa6 17. Qxa6 Bxa6 18. Bf1 Rab8 19. Rdc1 c4 20. e4 dxe3 21. fxe3 Bc5 22. Kf2 Nb6 23. Nc3 Na5 24. Ne4 Nb3 25. Nxc5 Nxc5 26. Bc3 Ne4+ 27. Kg1 Nxc3 28. Rxc3 Nd5 29. Rcc1 Nxe3 30. Ne5 Nxf1 31. Nc6 Nd2 32. Nxb8 Rxb8 33. Rd1 Nxb1 34. Rxb1 c3 35. b4 c2 36. Rc1 Bd3 37. Kf2 Re8 38. a4 Re2+ 39. Kf3 Rd2 40. Ke3 Rd1 41. Rxc2 Bxc2 42. b5 Bxa4 43. b6 axb6 44. g4 Rd7 45. h4 Bc6 46. g5 b5 47. h5 b4 48. h6 gxh6 49. Kf4 hxg5+ 50. Kxg5 b3 51. Kf6 b2 52. Ke5 b1=Q 53. Kf4 Qb4+ 54. Ke5 Qe4+ 55. Kf6 Qf4# 0-1


[Site "https://www.chess.com"]

[Event "Titled Tuesday Blitz January 10 Late 2023"]
[White "Lopez Del Alamo, Antonio"]
[Black "Jovic, Stanoje"]
[WhiteFideId "2227339"]
[BlackFideId "905020"]
[WhiteElo "2280"]
[BlackElo "2075"]
[Result "1-0"]
[Round "02"]
[TimeControl "180+2"]
[Date "2023.01.10"]
[WhiteClock "0:00:17"]
[BlackClock "0:00:01"]

1. e4 c6 2. d4 d5 3. exd5 cxd5 4. c3 Nc6 5. Bd3 e5 6. dxe5 Nxe5 7. Bf4 Qe7 8. Ne2 Nxd3+ 9. Qxd3 Qe4 10. Qb5+ Bd7 11. Qxb7 Rc8 12. O-O Qxe2 13. Na3 Qe7 14. Nb5 g5 15. Nd6+ Kd8 16. Bxg5 f6 17. Nxc8 Bxc8 18. Qxd5+ Qd6 19. Qf3 Ke8 20. Rad1 Qa6 21. Qd5 Be6 22. Rfe1 Kf7 23. Qf3 Bg7 24. Qh5+ Ke7 25. Bf4 f5 26. Bd6+ Qxd6 27. Rxd6 Kxd6 28. Qe2 Bd5 29. Qa6+ Bc6 30. Rd1+ Kc7 31. Qxa7+ Bb7 32. Qc5+ Bc6 33. Rd6 Ne7 34. Rd1 Re8 35. b4 Nd5 36. b5 1-0


[Site "https://www.chess.com"]

[Event "Titled Tuesday Blitz January 10 Late 2023"]
[White "Ruperez Benito, Antonio"]
[Black "Zanette, Edgard Vinicius"]
[WhiteFideId "22245049"]
[BlackFideId "2109263"]
[WhiteElo "2307"]
[BlackElo "2085"]
[Result "1-0"]
[Round "02"]
[TimeControl "180+2"]
[Date "2023.01.10"]
[WhiteClock "0:00:30"]
[BlackClock "0:00:09"]

1. e4 c5 2. Nf3 d6 3. Bb5+ Nc6 4. O-O Bd7 5. c3 Nf6 6. Re1 e5 7. d4 Qc7 8. Nbd2 cxd4 9. cxd4 Nxd4 10. Nxd4 exd4 11. Bxd7+ Nxd7 12. Nf3 Be7 13. Nxd4 O-O 14. Nf5 Rfe8 15. Bf4 Ne5 16. Rc1 Qb6 17. Be3 Qxb2 18. Rb1 Qxa2 19. Rxb7 Bf8 20. Bd4 a5 21. Qh5 a4 22. Qg5 Ng6 23. h4 h6 24. Qg3 Kh7 25. h5 Ne5 26. Rc1 Qd2 27. Rcc7 Qd1+ 28. Kh2 Qxh5+ 29. Kg1 Qd1+ 30. Kh2 Qh5+ 31. Qh3 Qxh3+ 32. Kxh3 1-0


[Site "https://www.chess.com"]

[Event "Titled Tuesday Blitz January 10 Late 2023"]
[White "Gavilan Diaz, Mario"]
[Black "Colivet Gamboa, Julio Cesar"]
[WhiteFideId "2260905"]
[BlackFideId "3949583"]
[WhiteElo "2271"]
[BlackElo "1844"]
[Result "1-0"]
[Round "02"]
[TimeControl "180+2"]
[Date "2023.01.10"]
[WhiteClock "0:02:35"]
[BlackClock "0:02:47"]

1. d4 Nf6 2. c4 g6 3. Nc3 Bg7 4. e4 d6 5. f4 O-O 6. Nf3 c5 7. d5 e6 8. Be2 exd5 9. cxd5 Na6 10. O-O Nc7 11. a4 b6 12. Nd2 Rb8 13. Nc4 a6 14. Bf3 b5 15. axb5 axb5 16. Na5 Bd7 17. e5 dxe5 18. fxe5 Ng4 19. Bxg4 Bxg4 20. Qxg4 Bxe5 21. Nc6 1-0


[Site "https://www.chess.com"]

[Event "Titled Tuesday Blitz January 10 Late 2023"]
[White "Jenkins, Drake"]
[Black "Danielyan, Vahe"]
[WhiteFideId "2022397"]
[BlackFideId "13304828"]
[WhiteElo "2130"]
[BlackElo "2346"]
[Result "0-1"]
[Round "02"]
[TimeControl "180+2"]
[Date "2023.01.10"]
[WhiteClock "0:00:02"]
[BlackClock "0:02:04"]

1. Nf3 Nf6 2. c4 c5 3. d4 cxd4 4. Nxd4 Nc6 5. Nc3 g6 6. g3 Bg7 7. Nc2 O-O 8. Bg2 Qa5 9. O-O d6 10. Ne3 Ng4 11. Nxg4 Bxg4 12. Bd2 Qh5 13. Re1 Rac8 14. Rc1 Ne5 15. Nd5 Nc6 16. h3 Bd7 17. b4 g5 18. b5 Ne5 19. Nxe7+ Kh8 20. Nxc8 Bxc8 21. g4 Bxg4 22. hxg4 Nxg4 23. Bc3 Qh2+ 24. Kf1 Qf4 25. Bxg7+ Kxg7 26. Bf3 Nh2+ 27. Kg2 g4 28. Rc3 gxf3+ 29. Rxf3 Nxf3 30. exf3 Kh8 31. Re4 Rg8+ 32. Kf1 Qg5 33. Qd4+ f6 34. Rg4 Qc1+ 35. Kg2 Rxg4+ 36. fxg4 Qg5 37. f3 h5 38. Qxd6 hxg4 39. Qf8+ Kh7 40. Qf7+ Kh6 41. Qf8+ Kg6 42. Qg8+ Kf5 43. Qd5+ Kg6 0-1


[Site "https://www.chess.com"]

[Event "Titled Tuesday Blitz January 10 Late 2023"]
[White "Corredor Castellanos, Camilo"]
[Black "Womacka, Mathias"]
[WhiteFideId "4425871"]
[BlackFideId "4611390"]
[WhiteElo "1957"]
[BlackElo "2396"]
[Result "1-0"]
[Round "02"]
[TimeControl "180+2"]
[Date "2023.01.10"]
[WhiteClock "0:00:47"]
[BlackClock "0:00:07"]

1. d4 Nf6 2. c4 e6 3. Nf3 Bb4+ 4. Bd2 Qe7 5. g3 Bxd2+ 6. Nbxd2 d6 7. Bg2 e5 8. dxe5 dxe5 9. O-O O-O 10. Qc2 Nc6 11. e3 Bg4 12. a3 a5 13. h3 Bh5 14. Ng5 Bg6 15. Qc3 Rfd8 16. Nge4 Nxe4 17. Nxe4 f5 18. Nd2 e4 19. Nb3 Rd3 20. Qc2 a4 21. Nc1 Rd7 22. Rd1 Ne5 23. Rxd7 Qxd7 24. Ne2 Qd3 25. Qxd3 exd3 26. Nf4 Bf7 27. Bxb7 Rb8 28. Bd5 Rxb2 29. Rd1 d2 30. Kf1 Nxc4 31. Bxf7+ Kxf7 32. Ke2 Ra2 33. Nd5 c6 34. Nb4 Rxa3 35. Nxc6 Rb3 36. Nd4 Rb2 37. Kd3 Ne5+ 38. Kc3 Ra2 39. Rxd2 Rxd2 40. Kxd2 a3 41. Kc2 a2 42. Kb2 Nd3+ 43. Kxa2 Nxf2 44. Nxf5 Nxh3 45. Kb3 Kf6 46. Nh4 Ke5 47. Kc3 Ke4 48. Kd2 Ng5 49. Ke2 g6 50. Kf2 Ne6 51. Nf3 Nc7 52. Ng5+ Kf5 53. Nxh7 g5 54. Nf8 Kf6 55. Nd7+ Kf5 56. Nc5 Nd5 57. e4+ Ke5 58. exd5 Kxd5 59. Kf3 Kxc5 60. Kg4 Kd5 61. Kxg5 Ke6 62. Kg6 Ke7 63. g4 Kf8 64. Kf6 Kg8 65. Kg6 Kf8 66. Kh7 Kf7 67. g5 Ke6 68. g6 1-0


[Site "https://www.chess.com"]

[Event "Titled Tuesday Blitz January 10 Late 2023"]
[White "Karwowski, Kacper"]
[Black "Szente Varga, Fruzsina"]
[WhiteFideId "1126032"]
[BlackFideId "712264"]
[WhiteElo "2164"]
[BlackElo "2075"]
[Result "0-1"]
[Round "02"]
[TimeControl "180+2"]
[Date "2023.01.10"]
[WhiteClock "0:00:09"]
[BlackClock "0:00:20"]

1. e4 e6 2. d4 d5 3. Nd2 Nc6 4. Ngf3 Nf6 5. Bd3 dxe4 6. Nxe4 Be7 7. c3 O-O 8. O-O b6 9. Qe2 Bb7 10. Re1 Qd7 11. Bg5 Nxe4 12. Bxe4 Bxg5 13. Nxg5 h6 14. Nf3 Rae8 15. b4 Qd6 16. a4 Nd8 17. a5 Bxe4 18. Qxe4 c5 19. axb6 axb6 20. dxc5 bxc5 21. b5 f5 22. Qc4 Nb7 23. Ra6 Qd5 24. Qxd5 exd5 25. Rd1 Rd8 26. Ne5 Rfe8 27. f4 Kh7 28. Ra7 Nd6 29. b6 Nb5 30. Rd7 Nxc3 31. Rd3 Ne2+ 32. Kf2 Nxf4 33. Rb3 c4 34. Rxd8 Rxd8 35. Rb1 c3 36. Ke3 Ne6 37. b7 d4+ 38. Kd3 Nc5+ 39. Kc4 Nxb7 40. Rxb7 c2 41. Nd3 c1=Q+ 42. Nxc1 Rc8+ 43. Kxd4 Rxc1 44. Rb2 Re1 45. g3 Kg6 46. h3 Kg5 47. Rf2 Re4+ 48. Kd3 h5 49. h4+ Kg4 50. Rf1 g6 51. Rf2 Kxg3 52. Rf1 Kxh4 53. Rh1+ Kg5 54. Rg1+ Rg4 55. Ra1 h4 56. Ke3 h3 57. Kf3 Kh4 58. Ra7 Rg3+ 59. Kf4 g5+ 60. Kxf5 Rf3+ 61. Ke4 Rf4+ 62. Ke3 h2 63. Rh7+ Kg3 64. Rh5 Rf3+ 65. Ke2 g4 66. Ke1 Kg2 67. Rh4 h1=Q+ 0-1


[Site "https://www.chess.com"]